Map: [ESL] Babylon

Players

Serral - Winner!

  • Race: Zerg Zerg
  • League: Diamond
  • Spawn Location: 11:00

Reynor

  • Race: Zerg Zerg
  • Spawn Location: 5:00

Event: ESL SC2 Masters 2023 Summer (Finals)

VOD

Have the link to the VOD?

Description

Time

  • Played on: June 18, 2023, 11:45 a.m.
  • Length: 7:31

All games in this series

Show
View Real Time Build Order
Export as new Build Order

Serral Zerg - Winner!

Build Orders: Hatch First 

Get SALT Encoding   

  12  0:00  Drone  
  13  0:08  Drone  
  14  0:14  Extractor, Drone  
  15  0:36  Hatchery  
  15  0:42  Extractor, Drone  
  14  0:48  Overlord  
  15  1:02  Spawning Pool  
  14  1:06  Drone  
  14  1:10  Drone  
  16  1:13  Drone  
  16  1:17  Drone  
  18  1:20  Extractor  
  17  1:28  Drone  
  18  1:38  Drone  
  19  1:48  Queen  
  19  1:49  Queen  
  19  1:50  Drone  
  19  1:52  Drone  
  25  1:59  Drone  
  26  2:02  Overlord  
  26  2:09  Drone  
  26  2:10  Drone  
  28  2:20  Drone  
  28  2:22  Drone  
  30  2:25  Lair  
  30  2:31  Drone  
  30  2:32  Overlord  
  31  2:38  Roach Warren  
  31  2:43  Drone  
  31  2:44  Drone  
  31  2:46  Extractor  
  31  2:52  Drone  
  31  2:53  Drone  
  31  2:56  Drone x3  
  36  2:58  Drone  
  36  3:00  Drone  
  36  3:02  Drone  
  39  3:06  Overlord  
  39  3:10  Overlord  
  39  3:18  Roach  
  41  3:21  Drone  
  41  3:23  Glial Reconstitution  
  42  3:27  Drone x2  
  42  3:28  Drone  
  42  3:30  Roach x2  
  49  3:34  Overlord  
  49  3:37  Roach  
  49  3:39  Roach  
  53  3:42  Roach  
  53  3:44  Roach  
  57  3:49  Overlord  
  57  3:56  Roach  
  57  4:00  Roach x2  
  63  4:06  Hatchery  
  63  4:08  Overlord  
  62  4:11  Roach  
  62  4:16  Roach x2  
  68  4:19  Roach  
  68  4:21  Roach  
  73  4:28  Hatchery  
  73  4:29  Roach x2  
  76  4:32  Roach  
  76  4:35  Roach  
  80  4:39  Roach  
  80  4:41  Drone x2  
  80  4:43  Extractor  
  83  4:46  Drone x2, Evolution Chamber  
  84  4:54  Overlord  
  84  5:01  Queen  
  84  5:06  Drone x2  
  84  5:10  Overlord  
  84  5:13  Zerg Missile Weapons Level 1  
  84  5:19  Drone x2  
  84  5:20  Drone  
  87  5:21  Drone x2  
  87  5:22  Drone  
  87  5:25  Drone  
  87  5:27  Drone  
  82  5:37  Drone  
  82  5:39  Drone x2  
  82  5:40  Drone x5  
  82  5:42  Roach  
  88  5:47  Roach, Spine Crawler  
  83  5:51  Roach  
  83  5:53  Roach  
  83  5:56  Extractor  
  87  5:57  Extractor  
  87  5:59  Roach  
  87  6:01  Roach  
  90  6:04  Roach  
  90  6:07  Roach x3  
  90  6:10  Overlord x3  
  98  6:12  Roach x2  
  98  6:17  Roach x2  
  106  6:19  Overlord x2  
  106  6:30  Roach x3  
  112  6:34  Roach  
  112  6:37  Roach  
  116  6:40  Ravager x4  
  116  6:41  Roach  
  116  6:44  Overlord  
  116  6:45  Roach x6  
  134  6:47  Roach  
  134  6:48  Roach  
  134  6:51  Roach  
  140  7:01  Roach x4  
  146  7:04  Ravager  
  146  7:06  Overlord  
Show
View Real Time Build Order
Export as new Build Order

Reynor Zerg 

Build Orders: Hatch First 

Get SALT Encoding   

  12  0:00  Drone  
  13  0:12  Overlord  
  13  0:17  Drone  
  14  0:30  Drone x2  
  16  0:48  Hatchery  
  15  0:51  Drone  
  15  0:55  Drone  
  17  0:58  Drone  
  18  1:04  Extractor  
  17  1:13  Spawning Pool  
  17  1:17  Drone  
  17  1:20  Drone  
  18  1:27  Drone  
  19  1:38  Drone  
  20  1:49  Drone  
  21  2:00  Queen x2, Drone  
  26  2:01  Drone  
  27  2:10  Overlord  
  27  2:11  Drone  
  28  2:15  Metabolic Boost  
  28  2:28  Drone x2  
  30  2:31  Drone  
  30  2:32  Drone  
  32  2:41  Hatchery  
  32  2:42  Drone  
  32  2:43  Drone  
  33  2:50  Evolution Chamber  
  32  2:53  Overlord  
  32  2:54  Drone  
  33  3:04  Drone  
  34  3:08  Drone  
  34  3:09  Zergling x2  
  34  3:11  Zergling x2  
  34  3:12  Drone x2  
  39  3:17  Overlord, Roach Warren  
  39  3:18  Drone x2  
  40  3:23  Zergling x2  
  40  3:25  Queen  
  43  3:31  Zerg Missile Weapons Level 1  
  43  3:32  Drone  
  44  3:35  Drone  
  45  3:43  Overlord  
  45  3:44  Drone x3  
  48  3:54  Spine Crawler  
  47  3:59  Drone x2  
  47  4:00  Extractor  
  47  4:04  Drone x5  
  47  4:09  Lair  
  52  4:10  Drone  
  52  4:12  Drone x2  
  52  4:13  Drone  
  52  4:15  Extractor, Drone x2  
  57  4:22  Overlord  
  56  4:25  Roach  
  56  4:29  Roach  
  59  4:32  Extractor  
  59  4:34  Roach  
  59  4:36  Zergling x2  
  59  4:38  Roach  
  63  4:39  Queen  
  63  4:40  Overlord x2  
  63  4:41  Roach  
  63  4:45  Roach  
  69  4:49  Roach  
  69  4:50  Roach  
  69  4:51  Zergling x2  
  74  4:58  Roach x2  
  77  5:00  Roach, Overlord  
  77  5:01  Zergling x2  
  77  5:03  Roach  
  76  5:13  Roach x3  
  81  5:15  Zergling x10  
  84  5:21  Roach x2  
  84  5:26  Roach  
  78  5:29  Roach  
  78  5:31  Roach  
  78  5:34  Queen  
  77  5:36  Roach  
  77  5:41  Extractor, Drone  
  79  5:45  Drone  
  78  5:50  Drone  
  78  5:51  Drone  
  80  5:57  Hatchery  
  80  5:58  Drone  
  80  6:02  Glial Reconstitution  
  80  6:03  Drone  
  81  6:05  Drone  
  81  6:07  Drone  
  81  6:09  Drone  
  81  6:10  Drone  
  85  6:12  Overlord  
  85  6:21  Drone, Evolution Chamber  
  85  6:23  Drone  
  86  6:30  Drone  
  87  6:33  Roach x2  
  87  6:34  Drone x2  
  93  6:41  Overseer  
  93  6:42  Overlord  
  93  6:43  Queen  
  93  6:45  Roach x2  
  99  6:52  Overlord  
  98  6:58  Overlord x2  
  97  7:03  Ravager x2  
  97  7:07  Overlord  
  99  7:11  Roach  
  99  7:12  Roach x3  
Tags
 
Add a new tag
Caveats
  • Supply blocks, unpowered buildings, or Contaminate may cause inaccurate times.
  • Supply counts are checked every 10 seconds.